 Dungeon Crawl Stone Soup version 0.30-a0-916-g98134172ad (webtiles) character file.

Game seed: 2907535393741329436

55351 RepoMan the Scorcher (level 14, -9/109 HPs)
             Began as a Mummy Fire Elementalist on Mar 20, 2023.
             Was an Elder of Sif Muna.
             Mangled by a six-headed hydra (11 damage)
             ... on level 5 of the Lair of Beasts.
             The game lasted 03:00:30 (27392 turns).

RepoMan the Scorcher (Mummy Fire Elementalist)     Turns: 27392, Time: 03:00:30

Health: -9/109     AC:  6    Str: 13    XL:     14   Next: 38%
Magic:  24/24      EV: 14    Int: 19    God:    Sif Muna [****..]
Gold:   373        SH:  7    Dex: 16    Spells: 4/27 levels left

rFire   + . .      SeeInvis +    n - +3 dagger (venom)
rCold   + + .      Faith    +    C - +2 buckler
rNeg    + + +      Spirit   .    v - +0 robe {Will+}
rPois   ∞          Reflect  .    l - +2 helmet {SInv}
rElec   .          Rampage  .    F - scarf {rC+ rF+}
rCorr   +                        u - +0 pair of gloves
Will    +++..                    (no boots)
Stlth   ++                       g - amulet of regeneration
HPRegen 1.18/turn                j - ring of protection from fire
MPRegen 0.19/turn                m - ring of Nemeokho {Wiz Will+ rCorr Str+2 Dex+3}

@: frozen, very slow
A: cold resistance 1, negative energy resistance 3, torment resistance 2, heat
vulnerability 1, in touch with death 2, no potions, faith
a: Renounce Religion, Channel Magic, Forget Spell, Divine Exegesis


You were on level 5 of the Lair of Beasts.
You worshipped Sif Muna.
Sif Muna was greatly pleased with you.
You visited 4 branches of the dungeon, and saw 20 of its levels.
You also visited: Ice Cave and Volcano.

You collected 2041 gold pieces.
You spent 1668 gold pieces at shops.

Inventory:

Hand Weapons
 n - a +3 dagger of venom (weapon)
 r - the +0 trident "Kois" {heavy, Dex+3}
   (You found it on level 5 of the Dungeon)

   Dex:       It affects your dexterity (+3).
 A - a +1 demon whip of venom
Missiles
 e - 20 poisoned darts
Armour
 b - a +2 cloak of poison resistance
 f - a +0 scale mail of fire resistance
 l - a +2 helmet of see invisible (worn)
 p - a +1 kite shield of cold resistance
 u - a +0 pair of gloves (worn)
 v - a +0 robe of willpower (worn)
 C - a +2 buckler (worn)
 F - a scarf of resistance (worn)
Jewellery
 g - an amulet of regeneration (around neck)
 j - a ring of protection from fire (left hand)
 m - the ring of Nemeokho (right hand) {Wiz Will+ rCorr Str+2 Dex+3}
   (You bought it in a shop on level 1 of the Orcish Mines)

   [ring of wizardry]

   It improves your spell success rate.
   Str:       It affects your strength (+2).
   Dex:       It affects your dexterity (+3).
   rCorr:     It protects you from acid and corrosion.
   Will:      It increases your willpower.
 q - a ring of flight
 D - an amulet of magic regeneration
 G - a ring of see invisible
 H - a ring of ice
Wands
 h - a wand of flame (6)
 k - a wand of quicksilver (4)
 I - a wand of mindburst (12)
Scrolls
 a - a scroll of brand weapon
 c - 2 scrolls of immolation
 d - a scroll of magic mapping
 i - a scroll of noise {unknown}
 o - 3 scrolls of teleportation
 s - 3 scrolls of enchant weapon
 t - 2 scrolls of enchant armour
 x - 3 scrolls of fog
 z - 2 scrolls of silence
 B - 2 scrolls of identify
 J - a scroll of torment
Miscellaneous
 w - a phial of floods
 y - a phantom mirror (inert)
 E - a box of beasts


   Skills:
 + Level 9.8 Fighting
 + Level 6.2 Dodging
 - Level 3.3 Stealth
 + Level 5.1 Shields
 + Level 7.0 Spellcasting
 + Level 4.3 Conjurations
 - Level 1.1 Translocations
 * Level 15.0 Fire Magic
 + Level 1.6 Air Magic
 + Level 9.0 Invocations


You had 4 spell levels left.
You knew the following spells:

 Your Spells              Type           Power      Damage    Failure   Level
a - Stone Arrow           Conj/Erth      28%        3d8       6%          3
c - Mephitic Cloud        Conj/Pois/Air  14%        N/A       7%          3
e - Plasma Beam           Fire/Air       19%        2x1d33    4%          5
f - Foxfire               Conj/Fire      100%       2x1d9     1%          1
g - Apportation           Tloc           20%        N/A       3%          1
i - Inner Flame           Hex/Fire       35%        N/A       1%          3
q - Magic Dart            Conj           92%        1d7       1%          1
r - Scorch                Fire           100%       2d10      1%          2
w - Flame Wave            Conj/Fire      43%        2d11      1%          4

Your spell library contained the following spells:

 Spells                   Type           Power      Damage    Failure   Level
 Kindle Blastsparks       Fire/Tloc/Air  58%        2d14      1%          3
 Sticky Flame             Conj/Fire      43%        2d6       1%          4
 Necrotise                Necr           60%        1d7       5%          1
 Slow                     Hex            24%        N/A       5%          1
 Summon Small Mammal      Summ           24%        N/A       5%          1
 Dazzling Flash           Conj/Hex       28%        N/A       6%          3
 Call Imp                 Summ           6%         N/A       8%          2
 Gell's Gravitas          Tloc           10%        N/A       10%         3
 Teleport Other           Tloc           10%        N/A       10%         3
 Confusing Touch          Hex            6%         N/A       16%         3
 Vampiric Draining        Necr           15%        2d7       16%         3
 Manifold Assault         Tloc           10%        N/A       32%         4
 Anguish                  Hex/Necr       7%         N/A       43%         4
 Leda's Liquefaction      Hex/Erth       3%         N/A       43%         4
 Petrify                  Tmut/Erth      6%         N/A       43%         4
 Starburst                Conj/Fire      21%        6d7       16%         6
 Silence                  Hex/Air        4%         N/A       67%         5
 Agony                    Necr           15%        N/A       77%         5
 Lee's Rapid Deconstruct  Erth           3%         3d5*      77%         5
 Metabolic Englaciation   Hex/Ice        3%         N/A       77%         5
 Yara's Violent Unravell  Hex/Tmut       3%         3d4       77%         5
 Iron Shot                Conj/Erth      7%         9d2       96%         6
 Dispersal                Tloc           5%         N/A       99%         6
 Spellforged Servitor     Conj/Summ      7%         N/A       100%        7
 Disjunction              Tloc           5%         N/A       100%        8
 Statue Form              Tmut/Erth      Unusable   N/A       N/A         6

Dungeon Overview and Level Annotations

Branches:
Dungeon (12/15)            Temple (1/1) D:6            Lair (5/5) D:10
  Swamp (0/4) Lair:3       Spider (0/4) Lair:2          Orc (2/2) D:9
    Elf (0/3) Orc:2         IceCv (visited)         Volcano (visited)
  Slime: Lair:4-5

Altars:
Ashenzari
Cheibriados
Dithmenos
Fedhas
Gozag
Hepliaklqana
Kikubaaqudgha
Makhleb
Nemelex Xobeh
Okawaru
Qazlal
Ru
Sif Muna
Trog
Uskayaw
Vehumet
Wu Jian
Xom
Yredelemnul
Jiyva

Shops:
D:4 :=[   D:7 *   D:11 [(*(?   Orc:1 =   Orc:2 =([(

Annotations:
D:2 exclusion: 2 kobolds, Sigmund
D:4 Tele trap
D:7 exclusion: ice statue
D:9 exclusion: downstairs
Lair:2 2 transporters, exclusion: downstairs, Odexios's ghost, journeyman DgEE
Lair:3 exclusion: 4 oklob plants
Lair:4 3 runed translucent doors, exclusion: downstairs, Corto's ghost, journeyman GrEE
Orc:2 Urug


Innate Abilities, Weirdness & Mutations

You are immune to poison.
Your flesh is cold resistant. (rC+)
You are immune to negative energy. (rN+++)
You are immune to unholy pain and torment.
You are vulnerable to heat. (rF-)
You are strongly in touch with the powers of death.
You do not drink.
You have a special connection with the divine. (Faith)


Message History

The vampire mosquito bites you.
The six-headed hydra bites you but does no damage.
The six-headed hydra bites you. The six-headed hydra bites you!
You block the six-headed hydra's attack.
The six-headed hydra misses you. The six-headed hydra bites you.
A cane toad comes into view.
The blink frog blinks!
The rime drake breathes ice at you. The icy flash freeze hits you!
You partially resist.
You are encased in ice.
The cane toad closely misses you. The vampire mosquito bites you.
There is a stone staircase leading up here.
Press: ? - help, v - describe, . - travel
Here: a six-headed hydra The floor.
You fail to use your ability.
The vampire mosquito closely misses you.
The blink frog blinks!
The rime drake bites you but does no damage.
The six-headed hydra bites you! x3
* * * LOW HITPOINT WARNING * * *
You block the six-headed hydra's attack.
The six-headed hydra misses you. x2; The blink frog hits you!
* * * LOW HITPOINT WARNING * * *
The blink frog blinks!
The cane toad stings you!
* * * LOW HITPOINT WARNING * * *
A tyrant leech comes into view.
The vampire mosquito bites you but does no damage.
Unknown command.
Okay, then.
Unknown command.
You fail to use your ability.
The rime drake bites you but does no damage.
The vampire mosquito bites you.
* * * LOW HITPOINT WARNING * * *
You block the six-headed hydra's attack.
The six-headed hydra bites you!
* * * LOW HITPOINT WARNING * * *
The six-headed hydra bites you!
You die...

#.......# ≈P~~~~~.####
#F....###
~P~~~~~~≈P~#####.....#
w~~~~~~~~~~~.P#......#
#~F≈~~~~~PF.~P#l....#..
~~~~~~~....~~.#.........
~~~~~...................
~......y....../
~~....D@..w....
.~~...Fk..####P
.........## ........P#
........P# .....§....
....F..... ........P##


You could see a six-headed hydra, 2 tyrant leeches, 2 cane toads, 2 blink frogs,
a rime drake (catching breath) and a vampire mosquito.

Vanquished Creatures
  3 hydras (Lair:3)
  Erolcha (D:9)
  2 two-headed ogres (D:11)
  2 boulder beetles
  7 orc high priests
  A skyshark (Lair:4)
  Amaemon (D:7)
  An orc knight (Orc:1)
  2 necromancers
  A cyclops (D:11)
  An orc sorcerer (Orc:2)
  16 elephants
  An orange demon (D:8)
  A torpor snail (Lair:2)
  A black mamba (Lair:2)
  An unseen horror (D:11)
  3 gargoyles
  15 cane toads
  An ice statue (IceCv)
  2 rime drakes (Lair:3)
  3 freezing wraiths (IceCv)
  7 komodo dragons
  An anaconda simulacrum (IceCv)
  15 ice devils
  2 trolls
  A queen bee (Lair:3)
  2 tyrant leeches
  A hornet (D:10)
  2 polar bears
  6 blink frogs
  3 slime creatures
  2 shadows (D:9)
  24 yaks
  6 wyverns
  A dire elephant simulacrum (IceCv)
  5 humans (D:9)
  A wraith (D:11)
  3 basilisks
  Eustachio (D:5)
  A vampire mosquito (Lair:4)
  5 death yak simulacra (IceCv)
  3 steam dragons
  Menkaure (D:7)
  7 wargs
  14 water moccasins
  2 harpy simulacra (IceCv)
  An acid dragon (D:10)
  3 hydra simulacra (IceCv)
  A black bear (D:4)
  2 ice beasts
  13 orc warriors
  3 sky beasts (D:7)
  2 elephant zombies (Lair:4)
  6 ogres
  5 wolves
  5 centaurs
  A kobold brigand (D:8)
  2 phantoms
  13 bullfrogs
  A komodo dragon zombie (Lair:4)
  2 two-headed ogre simulacra (IceCv)
  3 cane toad simulacra (IceCv)
  A gnoll sergeant (Orc:1)
  7 scorpions
  13 wights
  2 troll zombies (D:9)
  33 killer bees
  6 elephant simulacra (IceCv)
  2 howler monkeys
  6 electric eels
  3 jellies
  34 orc priests
  3 hounds
  8 hell rats
  20 orc wizards
  4 iguanas
  A troll simulacrum (IceCv)
  2 polar bear simulacra (IceCv)
  4 wolf simulacra (IceCv)
  4 ogre zombies (D:9)
  3 gnolls
  3 river rats
  12 adders
  A naga simulacrum (IceCv)
  2 shadow imps (D:6)
  2 white imps (IceCv)
  3 ufetubi
  4 worms
  2 dart slugs (D:1)
  70 orcs
  3 bats
  4 endoplasms
  4 giant cockroaches
  5 goblins
  5 hobgoblins
  2 quokkas
  9 ball pythons
  4 frilled lizards
  2 goblin zombies (D:9)
  A hobgoblin skeleton (D:9)
  6 kobolds
  3 orc skeletons (D:9)
  13 orc zombies (D:9)
  2 rats
  4 bushes (D:12)
567 creatures vanquished.

Vanquished Creatures (collateral kills)
  A basilisk (Lair:3)
  A water moccasin (Lair:3)
  3 wolves (Lair:3)
  5 killer bees (Lair:3)
  7 foxfires (Lair:2)
17 creatures vanquished.

Vanquished Creatures (others)
  An orc (D:8)
  1628 foxfires
  27 fungi
  59 plants
1715 creatures vanquished.

Grand Total: 2299 creatures vanquished

Notes
Turn   | Place    | Note
-------+----------+-------------------------------------------
     0 | D:1      | RepoMan the Mummy Fire Elementalist began the quest for the
                  | Orb.
     0 | D:1      | Reached XP level 1. HP: 13/13 MP: 4/4
   118 | D:1      | Reached skill level 1 in Conjurations
   151 | D:1      | Reached XP level 2. HP: 19/19 MP: 1/5
   224 | D:1      | Found a faded altar of an unknown god.
   736 | D:2      | Noticed Sigmund
   946 | D:2      | Reached skill level 3 in Fire Magic
  1143 | D:2      | Gained mutation: You are in touch with the powers of death.
                  | [Mummy growth]
  1143 | D:2      | Reached XP level 3. HP: 24/24 MP: 2/7
  1725 | D:3      | Reached XP level 4. HP: 30/30 MP: 3/8
  1768 | D:3      | Learned a level 2 spell: Scorch
  1772 | D:3      | Learned a level 3 spell: Inner Flame
  1888 | D:3      | Reached skill level 4 in Fire Magic
  2169 | D:3      | Found a hide-covered altar of Uskayaw.
  2407 | D:4      | Reached XP level 5. HP: 35/35 MP: 5/9
  2540 | D:4      | Found Kuss's Book Emporium.
  2760 | D:4      | Noticed a black bear
  2770 | D:4      | Killed a black bear
  2771 | D:4      | Reached skill level 5 in Fire Magic
  2771 | D:4      | Reached XP level 6. HP: 41/41 MP: 3/10
  2936 | D:4      | Found Yjutuph's Armour Emporium.
  2967 | D:4      | Found Ruomorgh's Jewellery Shoppe.
  3349 | D:5      | Entered Level 5 of the Dungeon
  3351 | D:5      | Noticed Eustachio
  3523 | D:5      | Identified the +0 trident "Kois" {heavy, Dex+3}
  3535 | D:5      | Killed Eustachio
  3536 | D:5      | Reached skill level 6 in Fire Magic
  3637 | D:5      | Reached XP level 7. HP: 46/46 MP: 8/11
  3872 | D:5      | Reached skill level 7 in Fire Magic
  4686 | D:6      | Reached skill level 8 in Fire Magic
  4687 | D:6      | Reached XP level 8. HP: 52/52 MP: 6/12
  4750 | D:6      | Found a staircase to the Ecumenical Temple.
  4761 | Temple   | Entered the Ecumenical Temple
  4943 | Temple   | Became a worshipper of Sif Muna the Loreminder
  5607 | D:7      | Reached skill level 9 in Fire Magic
  5721 | D:7      | Noticed Menkaure
  5726 | D:7      | Killed Menkaure
  5963 | D:7      | Reached skill level 10 in Fire Magic
  5967 | D:7      | Reached XP level 9. HP: 57/57 MP: 3/13
  6011 | D:6      | Reached * piety under Sif Muna
  6214 | D:7      | Noticed an ice statue
  6338 | D:7      | Found Naunyke's Assorted Antiques.
  6361 | D:7      | Bought a scroll labelled TANIKH OXEP for 23 gold pieces
  6440 | D:7      | Reached skill level 1 in Fighting
  6440 | D:7      | Reached skill level 1 in Invocations
  7006 | D:8      | Noticed Amaemon
  7006 | D:8      | Noticed an orange demon
  7055 | D:7      | Killed Amaemon
  7119 | D:8      | Reached skill level 11 in Fire Magic
  7202 | D:8      | Killed an orange demon
  7421 | D:8      | Reached XP level 10. HP: 71/71 MP: 6/14
  7436 | D:8      | Reached ** piety under Sif Muna
  8133 | D:9      | Noticed Erolcha
  8268 | D:4      | Bought a ring of protection from fire for 300 gold pieces
  8707 | D:9      | Found a staircase to the Orcish Mines.
  8880 | Orc:1    | Entered Level 1 of the Orcish Mines
  8880 | Orc:1    | Found Liqilam's Jewellery Emporium.
  9207 | D:9      | Killed Erolcha
  9207 | D:9      | Reached *** piety under Sif Muna
  9208 | D:9      | Reached skill level 5 in Fighting
  9218 | D:9      | Reached skill level 12 in Fire Magic
  9729 | D:9      | Reached skill level 5 in Invocations
 10043 | D:10     | Entered Level 10 of the Dungeon
 10098 | D:10     | Noticed a gargoyle
 10238 | D:10     | Noticed a gargoyle
 10242 | D:10     | Killed a gargoyle
 10392 | D:10     | Reached XP level 11. HP: 54/81 MP: 10/15
 10688 | D:10     | Found a staircase to the Lair.
 11086 | Lair:1   | Entered Level 1 of the Lair of Beasts
 11646 | Lair:1   | Reached **** piety under Sif Muna
 12533 | Lair:2   | Reached skill level 13 in Fire Magic
 12551 | Lair:2   | Found an ornate altar of the Wu Jian Council.
 12586 | Lair:2   | Learned a level 1 spell: Magic Dart
 12590 | Lair:2   | Found a dark tunnel.
 12597 | Volcano  | Entered a volcano
 12685 | Lair:2   | Found a transporter.
 12699 | Lair:2   | Found a transporter.
 12703 | Lair:2   | Noticed a spriggan rider
 12705 | Lair:2   | Noticed Odexios's ghost (journeyman DgEE)
 12711 | Lair:2   | Noticed a spriggan rider
 12722 | Lair:2   | Noticed a spriggan berserker
 12733 | Lair:2   | Found a bloodstained altar of Trog.
 12935 | Lair:2   | Found a hole to the Spider Nest.
 13955 | Lair:3   | Reached XP level 12. HP: 34/91 MP: 2/17
 14142 | Lair:3   | Noticed a six-headed hydra
 14374 | D:4      | Bought a +0 helmet of see invisible for 161 gold pieces
 14374 | D:4      | Bought a +2 buckler for 231 gold pieces
 14394 | D:4      | Learned a level 4 spell: Flame Wave
 14629 | Orc:1    | Reached ***** piety under Sif Muna
 14635 | D:9      | Received a gift from Sif Muna
 15380 | Orc:2    | Entered Level 2 of the Orcish Mines
 15427 | Orc:2    | Reached skill level 1 in Shields
 15681 | Orc:2    | Noticed an orc high priest
 15786 | Orc:2    | Noticed an orc high priest
 15898 | Orc:2    | Noticed an orc high priest
 15986 | Orc:2    | Noticed an orc high priest
 16052 | Orc:1    | Killed an orc high priest
 16298 | Orc:1    | Killed an orc high priest
 16911 | Orc:2    | Noticed an orc high priest
 16917 | Orc:2    | Killed an orc high priest
 17094 | Orc:2    | Found Exzer's Antique Weapon Emporium.
 17094 | Orc:2    | Found Botukyz's Jewellery Boutique.
 17238 | Orc:2    | Killed an orc high priest
 17376 | Orc:2    | Received a gift from Sif Muna
 17383 | Orc:2    | Learned a level 1 spell: Apportation
 17766 | Orc:2    | Found a staircase to the Elven Halls.
 17770 | Orc:2    | Noticed Urug
 17848 | Orc:2    | Found Ysoij's Antique Armour Boutique.
 17848 | Orc:2    | Found Ebemak's Antique Weapon Emporium.
 17865 | Orc:2    | Noticed an orc high priest
 17871 | Orc:2    | Killed an orc high priest
 17990 | Orc:2    | Noticed an orc high priest
 18003 | Orc:2    | Killed an orc high priest
 18083 | Orc:1    | Bought the ring of Nemeokho {Wiz Will+ rCorr Str+2 Dex+3}
                  | for 821 gold pieces
 18277 | Orc:2    | Killed an orc high priest
 18907 | Lair:3   | Killed a six-headed hydra
 18980 | Lair:3   | Noticed a five-headed hydra
 19020 | Lair:3   | Noticed an eight-headed hydra
 19068 | Lair:3   | Reached skill level 1 in Translocations
 19172 | Lair:2   | Reached skill level 14 in Fire Magic
 19513 | D:11     | Noticed a boulder beetle
 19519 | D:11     | Learned a level 3 spell: Mephitic Cloud
 19533 | D:11     | Found Koev's Magic Scroll Shoppe.
 19556 | D:11     | Bought a scroll of teleportation for 36 gold pieces
 19556 | D:11     | Bought a scroll of immolation for 48 gold pieces
 19556 | D:11     | Bought a scroll of immolation for 48 gold pieces
 19608 | D:11     | Gained mutation: You are strongly in touch with the powers
                  | of death. [Mummy growth]
 19608 | D:11     | Reached XP level 13. HP: 99/99 MP: 4/18
 19727 | D:11     | Found Itikk's Weapon Shoppe.
 19799 | D:11     | Found Uclyiwugi's Weapon Emporium.
 19885 | D:11     | Found Azeim's Armour Emporium.
 20246 | D:11     | Found Milois's Assorted Antiques.
 21072 | D:11     | Reached skill level 5 in Dodging
 21954 | Lair:3   | Reached skill level 5 in Spellcasting
 22497 | Lair:3   | Found a staircase to the Swamp.
 22818 | Lair:4   | Found a runed translucent gate.
 22818 | Lair:4   | Found a runed translucent gate.
 22818 | Lair:4   | Found a runed translucent gate.
 22820 | Lair:4   | Noticed an acid blob
 22820 | Lair:4   | Noticed an acid blob
 22821 | Lair:4   | Noticed an azure jelly
 22821 | Lair:4   | Noticed an acid blob
 22821 | Lair:4   | Noticed an azure jelly
 22822 | Lair:4   | Noticed an azure jelly
 22822 | Lair:4   | Noticed a rockslime
 22822 | Lair:4   | Noticed Corto's ghost (journeyman GrEE)
 22822 | Lair:4   | Noticed an azure jelly
 22823 | Lair:4   | Noticed an acid blob
 22823 | Lair:4   | Noticed an acid blob
 22823 | Lair:4   | Noticed an azure jelly
 22823 | Lair:4   | Noticed an acid blob
 22823 | Lair:4   | Noticed an azure jelly
 22824 | Lair:4   | Noticed an azure jelly
 22832 | Lair:4   | Found a viscous altar of Jiyva.
 22950 | Lair:4   | Found a frozen archway.
 22956 | Lair:4   | Received a gift from Sif Muna
 22962 | Lair:4   | Got Sif Muna's Anthology of Enchanting Energy {god gift}
 23018 | Lair:4   | Learned a level 3 spell: Stone Arrow
 23070 | IceCv    | Entered an ice cave
 24094 | IceCv    | Found an ancient bone altar of Kikubaaqudgha.
 24692 | IceCv    | Received a gift from Sif Muna
 24693 | IceCv    | Got Sif Muna's Collected Works on Kindling {god gift}
 24700 | IceCv    | Learned a level 5 spell: Plasma Beam
 24814 | IceCv    | Reached XP level 14. HP: 108/108 MP: 8/23
 25738 | Lair:4   | Reached skill level 1 in Air Magic
 26723 | Lair:5   | Entered Level 5 of the Lair of Beasts
 26854 | Lair:4   | Reached skill level 5 in Shields
 27145 | Lair:4   | Reached skill level 15 in Fire Magic
 27392 | Lair:5   | HP: 2/109 [six-headed hydra (11)]
 27392 | Lair:5   | Mangled by a six-headed hydra

Illustrated notes

Levels and vault maps discovered:
D:1:      ncdulo_wetmaze, layout_rooms, hellmonk_ecumenical_altar_defaced_shrine
D:2:      minmay_diamond_boxcup, layout_loops_cross, basic_altar, uniq_sigmund
D:3:      layout_basic, grunt_temple_overflow_open
D:4:      layout_rooms, gammafunk_ghost_nasty_kobolds, serial_shops,
          nicolae_diamond_shop, nicolae_inconvenience_store, shop,
          minmay_misc_feat_plants, st_stairs_3
D:5:      layout_cave_pools, uniq_eustachio
D:6:      layout_basic, minmay_temple_entry_glassed_door
D:7:      lemuel_ice_statue, layout_basic, nicolae_stop_n_shop_1, uniq_menkaure
D:8:      layout_cave_pools, serial_park, serial_park_tiny_1, serial_park_gazebo
          [serial_park_minivault_5x5_2], serial_park_tiny_1, serial_park_square3
          [serial_park_minivault_5x5_2], serial_park_tiny_pond,
          serial_park_tiny_1, uniq_amaemon
D:9:      layout_rooms, zombieorc1_lemuel, minmay_ruffians, uniq_erolcha
D:10:     layout_loops_ring, lair_entry_dummy
D:11:     layout_loops_corners, serial_shops, shop, shop, shop,
          nicolae_diamond_shop, shop
D:12:     layout_cave_pools, nicolae_elyvilon_peaceful_grove
Temple:   mainiacjoe_temple_big_plus
Lair:1:   layout_roguey, grunt_megastairs_2, lemuel_fruit_tree,
          serial_bayou_shore_b
Lair:2:   layout_gridlike, nicolae_spider_entry_non_spiders,
          gammafunk_ghost_wrathful_warriors, nicolae_volcano_entry_s_turn,
          basic_altar, minmay_holes, pond, serial_bayou_shore_b
Lair:3:   hangedman_what_comes_after_a, layout_long_grid,
          minmay_swamp_entry_worms
Lair:4:   pond_and_an_island_with_a_cottage, layout_hall_layers,
          gammafunk_ghost_ooze, portal_ice_cave_demonic_guard,
          serial_bayou_ford_a, beast_lair_carwin_9
Lair:5:   minmay_lair_end_frog_pond, layout_regular_city, slime_entry_1
Orc:1:    layout_caves, serial_shops, nicolae_shop_waterfront, basic_altar
Orc:2:    st_orc_town, layout_caves, basic_altar, uniq_saint_roka, uniq_urug,
          uniq_maurice

Skill      XL: |  1  2  3  4  5  6  7  8  9 10 11 12 13 14 |
---------------+-------------------------------------------+-----
Conjurations   | 1 2 3 4 |  4.3
Spellcasting   | 3 6 7 |  7.0
Fire Magic     | 3 4 5 6 8 10 11 12 13 14 15 | 15.0
Fighting       | 3 5 7 8 9 |  9.8
Invocations    | 3 5 6 7 8 9 |  9.0
Stealth        | 2 3 |  3.3
Dodging        | 3 4 5 6 |  6.2
Shields        | 3 4 5 |  5.1
Translocations | 1 |  1.1
Air Magic      | 1 |  1.6

Action                     |  1- 3 |  4- 6 |  7- 9 | 10-12 | 13-15 || total
---------------------------+-------+-------+-------+-------+-------++-------
  Melee: Dagger            |     3 |     9 |    28 |   116 |    42 ||   198
         Unarmed           |     3 |       |       |       |       ||     3
         Punch             |       |       |       |     1 |       ||     1
  Throw: Dart              |       |     2 |    13 |    18 |     7 ||    40
   Cast: Foxfire           |    60 |    72 |   102 |   495 |   229 ||   958
         Scorch            |       |     9 |    53 |   139 |   105 ||   306
         Inner Flame       |       |       |    12 |    67 |    15 ||    94
         Flame Wave        |       |       |       |    24 |    54 ||    78
         Magic Dart        |       |       |       |     7 |     7 ||    14
         Stone Arrow       |       |       |       |       |     7 ||     7
         Mephitic Cloud    |       |       |       |       |     7 ||     7
         Plasma Beam       |       |       |       |       |    59 ||    59
         Apportation       |       |       |       |       |     1 ||     1
         Disjunction       |       |       |       |       |     1 ||     1
 Invoke: Channel Magic     |       |       |       |    10 |    15 ||    25
         Divine Exegesis   |       |       |       |       |     1 ||     1
  Evoke: Wand              |       |       |     2 |    26 |     6 ||    34
         Box of beasts     |       |       |       |     1 |     1 ||     2
         Phantom mirror    |       |       |       |       |     2 ||     2
    Use: Scroll            |       |       |    12 |    22 |     6 ||    40
   Stab: Sleeping          |       |       |       |     2 |       ||     2
         Distracted        |       |       |       |     1 |       ||     1
         Confused          |       |       |       |       |     1 ||     1
 Armour: Robe              |     4 |    20 |     2 |    87 |    66 ||   179
         Steam dragon scal |       |       |    16 |       |       ||    16
  Dodge: Dodged            |     7 |    23 |    56 |   259 |   153 ||   498
  Block: Buckler           |       |       |       |    62 |   115 ||   177

Table legend: (Time is in decaauts)
 A = Elapsed time spent in this place.
 B = Non-inter-level travel time spent in this place.
 C = Inter-level travel time spent in this place.
 D = Time resting spent in this place.
 E = Time spent auto-exploring this place.
 F = Levels seen in this place.
 G = Mean time per level.
                   A        B        C        D        E       F      G
               +--------+--------+--------+--------+--------+-----+--------+
         Total |  27500 |  25456 |   2044 |   9654 |   8423 |  22 | 1250.0 |
       Dungeon |  13435 |  12241 |   1194 |   3570 |   5427 |  12 | 1119.6 |
        Temple |    204 |    183 |     21 |      0 |      0 |   1 |  204.0 |
          Lair |   7989 |   7487 |    502 |   3000 |   2501 |   5 | 1597.8 |
  Orcish Mines |   3866 |   3540 |    326 |   1902 |    404 |   2 | 1933.0 |
      Ice Cave |   1993 |   1993 |      0 |   1182 |     91 |   1 | 1993.0 |
       Volcano |     10 |     10 |      0 |      0 |      0 |   1 |   10.0 |
               +--------+--------+--------+--------+--------+-----+--------+

Top non-repeatable levels by time:
  Lair:4: 2414 daAuts
  Lair:3: 2347 daAuts
   Orc:1: 2004 daAuts
   IceCv: 1993 daAuts
     D:9: 1936 daAuts
   Orc:2: 1862 daAuts
  Lair:2: 1736 daAuts
    D:11: 1619 daAuts
     D:7: 1530 daAuts
  Lair:1: 1458 daAuts
     D:4: 1383 daAuts
     D:6: 1275 daAuts
    D:10: 1209 daAuts
     D:8: 1136 daAuts
     D:2: 968 daAuts
